 Dungeon Crawl Stone Soup version 0.16-a0-4097-gb4d75fa (webtiles) character file.

628 Chiseanne the Skirmisher (level 7, -2/58 HPs)
             Began as a Demonspawn Wanderer on Feb 25, 2015.
             Was a Follower of Cheibriados.
             Slain by a slave (6 damage)
             ... led by Pikel
             ... on level 4 of the Dungeon.
             The game lasted 00:17:09 (5257 turns).

Chiseanne the Skirmisher (Demonspawn Wanderer)      Turns: 5257, Time: 00:17:09

Health: -2/58      AC: 13    Str: 16    XL:     7   Next: 23%
Magic:  7/7        EV: 11    Int: 17    God:    Cheibriados [*.....]
Gold:   58         SH:  0    Dex: 16    Spells: 0 memorised, 6 levels left

rFire  . . .     SeeInvis +     a - +0 quarterstaff
rCold  . . .     Clarity  .     d - +2 scale mail
rNeg   . . .     SustAb   .     (no shield)
rPois  .         Gourm    .     o - +1 helmet
rElec  .         Spirit   .     (no cloak)
rCorr  .         Warding  .     (no gloves)
rMut   .         Stasis   .     (no boots)
MR     .....                    (no amulet)
Stlth  ..........               (no ring)
                                h - ring of see invisible

@: very slow, not resistant to hostile enchantments, extremely unstealthy
A: yellow scales 1, powered by pain 1
a: Bend Time, Renounce Religion


You were on level 4 of the Dungeon.
You worshipped Cheibriados.
Cheibriados was aware of your devotion.
You were not hungry.

You visited 1 branch of the dungeon, and saw 4 of its levels.
You also visited: Sewer.

You collected 142 gold pieces.
You spent 84 gold pieces at shops.

Inventory:

Hand weapons
 a - a +0 quarterstaff (weapon)
 j - a +0 whip of venom
 r - a cursed +0 spear
 s - a +1 short sword of freezing
 v - a +0 war axe
 w - a +0 blowgun
Missiles
 c - 53 poisoned needles
 e - 14 bolts
 g - 14 sling bullets of flame
 k - 12 arrows of flame
 n - 51 arrows
 u - 41 sling bullets
 z - 73 stones (quivered)
Armour
 d - a +2 scale mail (worn)
 o - a +1 helmet (worn)
 B - a +0 plate armour
Magical staves
 y - an uncursed staff of air {unknown}
Jewellery
 h - a ring of see invisible (left hand)
 m - an uncursed ring of ice
Magical devices
 C - a wand of digging (14)
Scrolls
 i - a scroll of magic mapping
 t - 3 scrolls of teleportation
 F - a scroll of amnesia
Potions
 p - 3 potions of curing
 q - 3 potions of brilliance
 x - a potion of haste
 A - a potion of poison {unknown}
 E - a potion of agility {unknown}
 I - a potion of flight {unknown}
Books
 b - a book of Burglary

   Spells                             Type                      Level
   a - Swiftness                      Charms/Air                   2
   b - Passwall                       Transmutation/Earth          3
   c - Passage of Golubria            Translocation                4
   d - Lee's Rapid Deconstruction     Earth                        5
   e - Invisibility                   Hexes                        6
   f - Darkness                       Hexes                        7
Comestibles
 f - 4 bread rations
 l - 3 meat rations
 D - 3 fruits
 G - a beef jerky


   Skills:
 * Level 6.1 Fighting
 - Level 1.0 Axes
 - Level 1.7 Staves
 - Level 1.7 Throwing
 * Level 4.0 Armour
 * Level 3.8 Dodging


You had 6 spell levels left.
You didn't know any spells.

Dungeon Overview and Level Annotations

Branches:
Dungeon (4/15)
 Temple: D:4-7

Altars:
Ashenzari
Cheibriados
Ru
Sif Muna
Trog

Shops:
D:4 %

Annotations:
D:4 Pikel


Innate Abilities, Weirdness & Mutations

You are partially covered in yellow scales (AC +2).
You sometimes gain a little power by taking damage.


Message History

You hit Pikel but do no damage.
Pikel is almost dead.
Pikel hits you with a whip of flaming.
* * * LOW HITPOINT WARNING * * *
Pikel burns you.
* * * LOW HITPOINT WARNING * * *
The slave closely misses you. The slave barely misses you.
Pikel hits you with a whip of flaming.
* * * LOW HITPOINT WARNING * * *
Pikel burns you.
* * * LOW HITPOINT WARNING * * *
You hit Pikel but do no damage.
Pikel is almost dead.
The slave barely misses you. The slave misses you.
Pikel hits you with a whip of flaming.
* * * LOW HITPOINT WARNING * * *
Pikel burns you.
* * * LOW HITPOINT WARNING * * *
The slave hits you.
You die...

##...........#
.#####....###.....#
..........#_#.....##
######....#'#......#
(
######.#####..######
.##
#.###.#####........
...
...#.#....#.......
#(###.#.#.##.#.######
#..p@................
##"K#.#....#.........
#pp#...#..###.......
#.p###.#### #.......
#... ..# #.......
#.###### #....... #.
#.....## #.
########'.... .>
........)).).


You could see Pikel and 4 slaves.

Vanquished Creatures
  Eustachio (D:4)
  A giant frog (D:3)
  A scorpion (D:4)
  An iguana (D:3)
  Natasha (twice) (D:4)
  2 worker ants (D:4)
  Robin (D:4)
  A river rat (D:3)
  9 adders
  A gnoll (D:3)
  2 giant mites (D:3)
  2 worms
  An adder skeleton (D:4)
  5 giant geckos
  An ooze (D:1)
  6 orcs
  2 ball pythons
  6 bats
  6 giant cockroaches
  16 goblins
  11 hobgoblins
  3 jackals (Sewer)
  A quokka (D:2)
  11 giant newts
  A jackal skeleton (D:4)
  20 kobolds
  11 rats
  3 plants (Sewer)
128 creatures vanquished.

Vanquished Creatures (others)
  An orc (D:3)
1 creature vanquished.

Grand Total: 129 creatures vanquished

Notes
Turn   | Place    | Note
--------------------------------------------------------------
     0 | D:1      | Chiseanne, the Demonspawn Wanderer, began the quest for the Orb.
     0 | D:1      | Chiseanne set off with: a +2 scale mail, a +0 quarterstaff, 12 poisoned needles, a +0 blowgun, a bread ration
     0 | D:1      | Reached XP level 1. HP: 19/19 MP: 1/1
   205 | D:1      | Gained mutation: You sometimes gain a little power by taking damage. [demonic ancestry]
   205 | D:1      | Reached XP level 2. HP: 24/26 MP: 2/2
   656 | D:1      | Reached XP level 3. HP: 26/31 MP: 3/3
  1381 | D:2      | Found a bloodstained altar of Trog.
  1711 | D:2      | Reached skill level 5 in Fighting
  1711 | D:2      | Reached skill level 1 in Dodging
  1868 | D:3      | Reached XP level 4. HP: 24/39 MP: 4/4
  2173 | D:3      | Found a glowing drain.
  2243 | Sewer    | Entered a sewer
  2926 | Sewer    | Gained mutation: You are partially covered in yellow scales (AC +2). [demonic ancestry]
  2926 | Sewer    | Reached XP level 5. HP: 22/44 MP: 5/5
  4010 | D:3      | Found a snail-covered altar of Cheibriados.
  4060 | D:3      | Became a worshipper of Cheibriados the Contemplative
  4163 | D:3      | Noticed a giant frog
  4174 | D:3      | Killed a giant frog
  4174 | D:3      | Reached XP level 6. HP: 46/52 MP: 6/6
  4192 | D:3      | Found a deep blue altar of Sif Muna.
  4237 | D:3      | Found a sacrificial altar of Ru.
  4406 | D:4      | Noticed Robin
  4473 | D:4      | Killed Robin
  4558 | D:4      | Found Eguagoal's Food Shop.
  4579 | D:4      | Bought a meat ration for 65 gold pieces
  4579 | D:4      | Bought a beef jerky for 19 gold pieces
  4620 | D:4      | Noticed Natasha
  4666 | D:4      | Killed Natasha
  4767 | D:4      | Noticed Eustachio
  4787 | D:4      | Killed Eustachio
  4787 | D:4      | Reached skill level 6 in Fighting
  4787 | D:4      | Reached XP level 7. HP: 30/58 MP: 7/7
  4991 | D:4      | Noticed Natasha
  5000 | D:4      | Killed Natasha
  5127 | D:4      | Found a shattered altar of Ashenzari.
  5240 | D:4      | Noticed Pikel
  5257 | D:4      | Slain by a slave

Action                   |  1- 3 |  4- 6 |  7- 9 || total
-------------------------+-------+-------+-------++-------
Melee: Quarterstaff      |   153 |   434 |    57 ||   644
 Fire: Blowgun           |       |    47 |       ||    47
  Use: Scroll            |     4 |     6 |     4 ||    14
       Potion            |       |     8 |       ||     8
  Eat: Chunk             |     3 |     4 |     1 ||     8
       Royal jelly       |       |     1 |       ||     1
       Bread ration      |       |     1 |       ||     1
